 Dungeon Crawl Stone Soup version 0.21.1-1-g345015f (webtiles) character file.

3628 diana the Carver (level 9, -2/94 HPs)
             Began as a Demonspawn Gladiator on June 1, 2018.
             Was a Believer of Qazlal.
             Slain by a yak (10 damage)
             ... on level 9 of the Dungeon.
             The game lasted 00:13:06 (7505 turns).

diana the Carver (Demonspawn Gladiator)             Turns: 7505, Time: 00:13:07

Health: -2/94      AC: 24    Str: 17    XL:     9   Next: 87%
Magic:  10/10      EV:  2    Int:  9    God:    Qazlal [**....]
Gold:   557        SH:  3    Dex: 16    Spells: 8/8 levels left

rFire    . . .     SeeInvis .   G - +2 long sword (elec)
rCold    . . .     Gourm    .   (no shield)
rNeg     + + +     Faith    .   (armour currently unavailable)
rPois    +         Spirit   .   (helmet currently unavailable)
rElec    .         Reflect  .   (cloak currently unavailable)
rCorr    .         Harm     .   (gloves currently unavailable)
MR       .....     NoTele   +   (boots currently unavailable)
Stlth    ++........             (no amulet)
HPRegen  0.25/turn              (no ring)
MPRegen  0.12/turn              (no ring)

@: lethally poisoned (-2 -> -4), tree-form, very slightly contaminated,
invisible
A: nightstalker 1
a: Upheaval, Renounce Religion


You were on level 9 of the Dungeon.
You worshipped Qazlal.
Qazlal was pleased with you.
You were not hungry.
You were a tree.
You visited 1 branch of the dungeon, and saw 9 of its levels.

You collected 557 gold pieces.

Inventory:

Hand Weapons
 G - a +2 long sword of electrocution (weapon)
Missiles
 d - 5 throwing nets (quivered)
Armour
 b - a +0 leather armour
 c - a +0 helmet (melded)
 g - a +0 buckler
 k - a +2 pair of gloves (melded)
 q - a +0 plate armour (melded)
Jewellery
 I - an uncursed ring of resist corrosion {unknown}
Wands
 D - a wand of flame (24)
 E - a wand of enslavement (13)
Scrolls
 e - 3 scrolls of enchant weapon {unknown}
 i - 13 scrolls of identify {unknown}
 o - 3 scrolls of fear {unknown}
 r - a scroll of fog {unknown}
 t - 2 scrolls of enchant armour {unknown}
 u - 4 scrolls of noise {unknown}
 v - a scroll of amnesia {unknown}
 w - 2 scrolls of magic mapping {unknown}
 x - 4 scrolls of remove curse {unknown}
 y - 4 scrolls of teleportation {unknown}
 B - a scroll of immolation {unknown}
 C - 2 scrolls of random uselessness {unknown}
 F - a scroll of blinking {unknown}
Potions
 h - 5 potions of curing
 j - a potion of brilliance {unknown}
 l - 2 potions of lignification
 m - a potion of mutation {unknown}
 n - a potion of magic {unknown}
 p - a potion of ambrosia {unknown}
 s - 2 potions of haste {unknown}
 z - 2 potions of agility {unknown}
 H - a potion of heal wounds {unknown}
Comestibles
 f - 14 rations


   Skills:
 + Level 3.1 Fighting
 * Level 12.1 Long Blades
 - Level 1.8 Throwing
 + Level 1.9 Armour
 + Level 3.8 Dodging
 + Level 1.3 Shields
 + Level 2.1 Invocations


You had 8 spell levels left.
You didn't know any spells.

Dungeon Overview and Level Annotations

Branches:
Dungeon (9/15)             Temple (0/1) D:6
   Lair: D:8-11         Orc: D:9-12

Altars:
Cheibriados
Dithmenos
Fedhas
Gozag
Qazlal
Ru
Trog
Vehumet
Wu Jian
Xom
Yredelemnul

Shops:
D:7 !

Annotations:
D:6 exclusion: oklob plant
D:8 1 runed door, exclusion: 2 orange crystal statues
D:9 Grum


Innate Abilities, Weirdness & Mutations

((You have large cloven feet.))
((Your flesh is cold resistant. (rC+)))
You are slightly more attuned to the shadows.
((When seriously injured, your bleeding wounds create armour. (AC +0)))


Message History

The killer bee buzzes angrily.
Your kick misses the killer bee.
The killer bee is lightly wounded.
You are very lightly contaminated with residual magic.
The killer bee buzzes angrily.
The killer bee is engulfed in freezing vapours.
You kill the killer bee!
Qazlal accepts your kill. Grum hits you from afar with a glaive!!
* * * LOW HITPOINT WARNING * * *
The killer bee barely misses you.
You turn into a tree.
Your +0 helmet melds into your body.
Your +2 pair of gloves melds into your body.
Your +0 plate armour melds into your body.
Your roots penetrate the ground.
Your blood armour dries and flakes away.
You feel sick.
The killer bee stings you but does no damage. x2
The yak gores you!
You die...

....PPP.PP. ##.P..P..PP.
#......PP.PP.P....... ..
#.................... ...
#...hr...P.P.........
...$#....Yg..............
#..#...Yy...............
#.....§♣§.......†††.....
#......yy...............
#.....y.................
.####....................(..
...#.......................
######..#.......................
#.......#.......................
#....#..#.......................
#....#..#'##....................


You could see Grum, 2 yaks, a black bear, a porcupine and 4 killer bees.

Vanquished Creatures
  Pikel (D:8)
  A hippogriff (D:7)
  A hungry ghost (D:7)
  3 black bears
  2 orc warriors
  A slave (D:8)
  A necrophage (D:6)
  3 ogres
  A phantom (D:8)
  2 wolves (D:9)
  2 centaurs
  A crocodile (D:9)
  A bullfrog (D:9)
  A scorpion (D:4)
  A killer bee (D:9)
  3 wights (D:8)
  2 howler monkeys
  6 crimson imps
  3 jellies
  3 orc wizards
  4 orc priests
  A centaur skeleton (D:8)
  6 hounds
  2 iguanas
  Terence (D:2)
  7 worker ants
  A killer bee zombie (D:7)
  A hound skeleton (D:8)
  A howler monkey zombie (D:5)
  3 gnolls (D:9)
  8 adders
  3 shadow imps
  3 oozes
  An adder skeleton (D:9)
  4 worms
  2 dart slugs
  4 leopard geckos
  20 orcs
  4 giant cockroaches
  9 goblins
  8 hobgoblins
  14 jackals
  8 kobolds
  4 quokkas
  9 bats
  5 frilled lizards
  2 jackal skeletons
  10 rats
  A fungus (D:1)
185 creatures vanquished.

Vanquished Creatures (others)
  A slave (D:8)
  A leopard gecko (D:8)
  20 fungi (D:9)
  5 plants (D:9)
27 creatures vanquished.

Grand Total: 212 creatures vanquished

Notes
Turn   | Place    | Note
-------+----------+-------------------------------------------
     0 | D:1      | diana the Demonspawn Gladiator began the quest for the Orb.
     0 | D:1      | Reached XP level 1. HP: 16/16 MP: 1/1
   174 | D:1      | Gained mutation: You have large cloven feet. [demonic ancestry]
   174 | D:1      | Reached XP level 2. HP: 12/22 MP: 2/2
   394 | D:1      | Reached skill level 3 in Long Blades
   814 | D:1      | Reached XP level 3. HP: 27/27 MP: 3/3
  1117 | D:2      | Found a blossoming altar of Fedhas.
  1323 | D:2      | Reached XP level 4. HP: 31/33 MP: 4/4
  1327 | D:2      | Noticed Terence
  1334 | D:2      | Killed Terence
  1343 | D:2      | Found an opulent altar of Gozag.
  1438 | D:2      | Found a shadowy altar of Dithmenos.
  1583 | D:2      | Reached skill level 4 in Long Blades
  1761 | D:3      | Found a sacrificial altar of Ru.
  2017 | D:3      | Reached skill level 1 in Armour
  2031 | D:3      | Gained mutation: When seriously injured, your bleeding wounds create armour. (AC +0) [demonic ancestry]
  2031 | D:3      | Reached XP level 5. HP: 39/39 MP: 5/5
  2267 | D:3      | Found a stormy altar of Qazlal.
  2276 | D:3      | Became a worshipper of Qazlal Stormbringer
  2386 | D:4      | Found a snail-covered altar of Cheibriados.
  2546 | D:4      | Reached skill level 5 in Long Blades
  2698 | D:4      | Gained mutation: You are slightly more attuned to the shadows. [demonic ancestry]
  2698 | D:4      | Reached XP level 6. HP: 29/46 MP: 6/6
  3680 | D:4      | Reached skill level 6 in Long Blades
  3916 | D:5      | Entered Level 5 of the Dungeon
  4004 | D:5      | Reached XP level 7. HP: 44/51 MP: 7/7
  4079 | D:5      | Reached * piety under Qazlal
  4079 | D:5      | Reached skill level 7 in Long Blades
  4172 | D:5      | Found a basalt altar of Yredelemnul.
  4566 | D:5      | Reached skill level 8 in Long Blades
  4708 | D:5      | Found a shimmering altar of Xom.
  4886 | D:6      | Found a radiant altar of Vehumet.
  4912 | D:6      | Gained mutation: Your flesh is cold resistant. (rC+) [demonic ancestry]
  4912 | D:6      | Reached XP level 8. HP: 50/57 MP: 8/8
  5067 | D:6      | Noticed an oklob plant
  5077 | D:6      | Reached skill level 9 in Long Blades
  5105 | D:6      | Found a staircase to the Ecumenical Temple.
  5198 | D:6      | Found a sacrificial altar of Ru.
  5698 | D:7      | Noticed a hippogriff
  5704 | D:7      | Killed a hippogriff
  5704 | D:7      | Reached skill level 10 in Long Blades
  5825 | D:7      | Found Quixkeol's Distillery.
  5886 | D:7      | Found a bloodstained altar of Trog.
  5923 | D:7      | Found an ornate altar of the Wu Jian Council.
  6199 | D:8      | Found a runed door.
  6228 | D:8      | Reached ** piety under Qazlal
  6245 | D:8      | Reached XP level 9. HP: 62/62 MP: 9/9
  6258 | D:8      | Noticed Pikel
  6264 | D:8      | Killed Pikel
  6264 | D:8      | Reached skill level 11 in Long Blades
  6462 | D:8      | Found a blossoming altar of Fedhas.
  6744 | D:8      | Found a runed door.
  6750 | D:8      | Found the +10 large shield of Ignorance {rN+ Int-4}
  6782 | D:8      | Noticed an orange crystal statue
  6782 | D:8      | Noticed an orange crystal statue
  7050 | D:9      | Reached skill level 1 in Invocations
  7085 | D:9      | Reached skill level 12 in Long Blades
  7406 | D:9      | Reached skill level 1 in Shields
  7445 | D:9      | Found a bloodstained altar of Trog.
  7493 | D:9      | Noticed Grum
  7505 | D:9      | Slain by a yak

Skill      XL: |  1  2  3  4  5  6  7  8  9 |
---------------+----------------------------+-----
Dodging        | 3 |  3.8
Long Blades    | 3 4 5 6 8 10 12 | 12.1
Armour         | 1 |  1.9
Invocations    | 2 |  2.1
Shields        | 1 |  1.3
Fighting       | 3 |  3.1
Throwing       | |  1.8

Action                   |  1- 3 |  4- 6 |  7- 9 || total
-------------------------+-------+-------+-------++-------
Melee: Long sword        |   112 |   194 |   360 ||   666
       Kick              |    29 |    68 |   130 ||   227
  Use: Potion            |       |     2 |     2 ||     4
  Eat: Chunk             |     2 |     5 |     5 ||    12
       Ration            |       |     1 |     4 ||     5
Armor: Leather armour    |    29 |       |       ||    29
       Plate armour      |     8 |   149 |   237 ||   394
       Skin              |       |       |     2 ||     2
Dodge: Dodged            |    77 |    53 |    93 ||   223
Block: Other             |       |       |    11 ||    11
       Rpst.: Long sword |    19 |    20 |    29 ||    68
